 Dungeon Crawl Stone Soup version 0.30-a0-4-ga7cffc901d (webtiles) character file.

Game seed: 2474980457683591806

4 Setbun the Cutter (level 1, -1/14 HPs)
             Began as a Kobold Berserker on Aug 20, 2022.
             Was a Follower of Trog.
             Slain by a ball python (2 damage)
             ... on level 1 of the Dungeon.
             The game lasted 00:01:47 (306 turns).

Setbun the Cutter (Kobold Berserker)                 Turns: 306, Time: 00:01:48

Health: -1/14      AC:  2    Str: 14    XL:     1   Next: 66%
Magic:  1/1        EV: 14    Int:  8    God:    Trog [*.....]
Gold:   31         SH:  0    Dex: 14    Spells: 0/0 levels left

rFire   . . .      SeeInvis .    a - +0 short sword
rCold   . . .      Faith    .    (no shield)
rNeg    . . .      Spirit   .    b - +0 animal skin
rPois   .          Reflect  .    (no helmet)
rElec   .          Harm     .    (no cloak)
rCorr   .          Rampage  .    (no gloves)
Will    .....                    (no boots)
Stlth   ++........               (no amulet)
HPRegen 0.04/turn                (no ring)
MPRegen 0.07/turn                (no ring)

@: no status effects
A: small, no large weapons, nightstalker 3
a: Renounce Religion, Berserk


You were on level 1 of the Dungeon.
You worshipped Trog.
Trog was aware of your devotion.
You visited 1 branch of the dungeon, and saw 1 of its levels.

You collected 31 gold pieces.

Inventory:

Hand Weapons
 a - a +0 short sword (weapon)
Armour
 b - a +0 animal skin (worn)
Scrolls
 c - a scroll of teleportation {unknown}


   Skills:
 + Level 3.4 Fighting
 * Level 4.2 Short Blades
 - Level 1.5 Armour
 - Level 2.4 Dodging


You couldn't memorise any spells.
You didn't know any spells.
Your spell library was empty.

Dungeon Overview and Level Annotations

Branches:
Dungeon (1/15)

Altars:


Innate Abilities, Weirdness & Mutations

You are small and have problems with some larger weapons.
You are completely attuned to the shadows.


Message History

You hit the frilled lizard.
You kill the frilled lizard!
Trog accepts your kill.
You see here a frilled lizard corpse.
You open the door.
There is an open door here.
Found 6 stones.
Found a stone staircase leading down.
A ball python comes into view.
A ball python is nearby!
The ball python hisses angrily.
You hear an angry hiss.
A ball python comes into view.
You barely miss the ball python. The ball python bites you.
The ball python closely misses you. The ball python bites you.
The ball python grabs you. The ball python constricts you.
You closely miss the ball python.
A ball python comes into view.
The ball python closely misses you. The ball python constricts you.
The ball python hisses angrily.
You hit the ball python.
The ball python is severely wounded.
The ball python bites you. The ball python constricts you.
You closely miss the ball python.
The ball python is severely wounded.
The ball python loses its grip on you. The ball python bites you.
The ball python closely misses you.
Found a faded altar of an unknown god.
The ball python bites you. The ball python grabs you.
The ball python constricts you. The ball python bites you.
The ball python barely misses you. x2
The ball python constricts you.
* * * LOW HITPOINT WARNING * * *
You escape the ball python's grasp.
The ball python barely misses you. The ball python closely misses you.
The ball python attacks as you move away!
The ball python bites you.
* * * LOW HITPOINT WARNING * * *
The ball python attacks as you move away!
The ball python closely misses you. The ball python barely misses you. x2
The ball python misses you. The ball python bites you.
You die...

##.......#####
.......###..
>....#....#
....###..##
......#..##
#.........#
......S#...#
#...SS###....
#...@## #._.
......# ..
#......#
#........
#.....#..


You could see 3 ball pythons.

Vanquished Creatures
  An endoplasm (D:1)
  A bat (D:1)
  A frilled lizard (D:1)
  A kobold (D:1)
  A rat (D:1)
5 creatures vanquished.

Notes
Turn   | Place    | Note
-------+----------+-------------------------------------------
     0 | D:1      | Setbun the Kobold Berserker began the quest for the Orb.
     0 | D:1      | Reached XP level 1. HP: 14/14 MP: 1/1
   302 | D:1      | Found a faded altar of an unknown god.
   306 | D:1      | Slain by a ball python

Illustrated notes

Levels and vault maps discovered:
D:1:      minmay_arrival_solitary_statue, layout_basic,
          nicolae_ecumenical_snake_handling

Action                   || total
-------------------------++-------
Melee: Short sword       ||    16
 Stab: Sleeping          ||     1
Armor: Animal skin       ||     1
Dodge: Dodged            ||    19

Table legend: (Time is in decaauts)
 A = Elapsed time spent in this place.
 B = Non-inter-level travel time spent in this place.
 C = Inter-level travel time spent in this place.
 D = Time resting spent in this place.
 E = Time spent auto-exploring this place.
 F = Levels seen in this place.
 G = Mean time per level.
                   A        B        C        D        E       F      G
               +--------+--------+--------+--------+--------+-----+--------+
         Total |    304 |    304 |      0 |      0 |    250 |   1 |  304.0 |
       Dungeon |    304 |    304 |      0 |      0 |    250 |   1 |  304.0 |
               +--------+--------+--------+--------+--------+-----+--------+

Top non-repeatable levels by time:
     D:1: 304 daAuts
